 Dungeon Crawl Stone Soup version 0.32-a0-975-g85d4e5bfdb (webtiles) character file.

Game seed: 2035013650878407171

23 ezpacito the Trooper (level 3, 0/29 HPs)
             Began as a Coglin Chaos Knight on Apr 19, 2024.
             Was a Plaything of Xom.
             Killed from afar by Natasha (6 damage)
             ... with a puff of flame
             ... on level 2 of the Dungeon.
             The game lasted 00:00:48 (820 turns).

ezpacito the Trooper (Coglin Chaos Knight)           Turns: 820, Time: 00:00:48

Health: 0/29       AC:  5    Str: 14    XL:     3   Next: 0%
Magic:  3/3        EV:  9    Int: 11    God:    Xom [...*..]
Gold:   21         SH:  0    Dex: 13    Spells: 2/2 levels left

rFire   . . .        a - +0 hand axe (chaos) {Marzanna}
rCold   . . .        d - +0 dagger {Kyogo}
rNeg    . . .        n - +0 ring mail {rPois}
rPois   +            (no helmet)
rElec   .            (no cloak)
rCorr   .            (no gloves)
SInv    .            (no boots)
Will    .....        (amulet unavailable)
Stlth   +            (ring unavailable)
HPRegen 0.24/turn    (ring unavailable)
MPRegen 0.08/turn    (no gizmo)

%: no passive effects
@: revved
A: off-hand wielding, slow wielding, warmup strikes, no jewellery
a: Invent Gizmo, Renounce Religion


You were on level 2 of the Dungeon.
You worshipped Xom.
You were a favourite toy of Xom.
You visited 1 branch of the dungeon, and saw 2 of its levels.

You collected 44 gold pieces.
You spent 23 gold pieces at shops.

Inventory:

Hand Weapons
 a - a +0 hand axe of chaos (weapon) {Marzanna}
 d - a +0 dagger (offhand) {Kyogo}
Missiles
 i - 2 throwing nets (quivered)
Armour
 n - a +0 ring mail of poison resistance (worn)
Scrolls
 c - a scroll of butterflies
 g - a scroll of poison {unknown}
 j - a scroll of teleportation {unknown}
 l - a scroll of brand weapon {unknown}
 m - a scroll of summoning {unknown}
Potions
 e - a potion of attraction {unknown}
 f - a potion of mutation {unknown}
 k - a potion of might {unknown}


   Skills:
 * Level 3.1 Fighting
 * Level 3.1 Axes
 * Level 0.4(1.8) Polearms
 * Level 2.2 Armour
 * Level 1.2 Dodging
 + Level 0.1 Stealth
 + Level 0.2 Spellcasting


You had 2 spell levels left.
You didn't know any spells.
Your spell library contained the following spells:

 Spells                   Type           Power      Damage    Failure   Level
 Fugue of the Fallen      Necr           0%         N/A       91%         3
 Ozocubu's Armour         Ice            0%         N/A       91%         3
 Manifold Assault         Tloc           0%         N/A       100%        7


Dungeon Overview and Level Annotations

Branches:
Dungeon (2/15)

Altars:

Shops:
D:1 *

Annotations:
D:2 Natasha


Innate Abilities, Weirdness & Mutations

You can wield a second weapon in your off-hand.
It takes a long time for you to wield or remove held weapons.
Your first few attacks do less damage.
You cannot equip rings or amulets.


Message History

You are too injured to fight recklessly!
You are too injured to fight recklessly!
It was a potion of heal wounds.
You feel much better.
Natasha mewls in sadness.
Health restored: 29 The ribbon worm expels a string of sticky webbing.
The stream of webbing misses you.
Natasha mumbles some strange words.
You feel troubled.
Natasha zaps a wand.
The puff of flame hits you. The ribbon worm bites you.
You take 7 damage, and have 22/29 hp.
MASSIVE DAMAGE!!
You hit Natasha with your +0 dagger.
Natasha is lightly wounded.
You closely miss Natasha with your +0 hand axe of chaos.
You hit the ribbon worm but do no damage.
Natasha claws you! The ribbon worm bites you.
You take 12 damage, and have 10/29 hp.
MASSIVE DAMAGE!!
You closely miss Natasha with your +0 hand axe of chaos.
Natasha is lightly wounded.
You hit the ribbon worm with your +0 hand axe of chaos.
You burn the ribbon worm. You miss Natasha with your +0 dagger.
Natasha closely misses you. The ribbon worm bites you.
* * * LOW HITPOINT WARNING * * *
You take 5 damage, and have 5/29 hp.
You barely miss Natasha with your +0 hand axe of chaos.
Natasha is lightly wounded.
You hit the ribbon worm with your +0 hand axe of chaos.
The ribbon worm convulses.
You closely miss Natasha with your +0 dagger.
Natasha claws you but does no damage.
You hit Natasha but do no damage.
You hit the ribbon worm with your +0 hand axe of chaos.
You freeze the ribbon worm. You hit Natasha with your +0 dagger.
The ribbon worm bites you but does no damage.
Natasha howls an incantation.
Natasha glows brightly for a moment.
Natasha zaps a wand.
The puff of flame hits you.
You die...
Natasha begins licking her fur clean.
Xom snickers!

############
#..........#
#.....!....#
#...w......#
#...h@.....#
....######.#.###..
# #.#....# #...##
#....# ##<#.#
#.........#
##..###..... #..
....


You could see a ribbon worm and Natasha.

Vanquished Creatures
  A dart slug (D:1)
  3 ball pythons (D:1)
  4 bats (D:1)
  An endoplasm (D:1)
  2 hobgoblins (D:1)
  2 jackals (D:1)
  3 kobolds (D:1)
  3 rats (D:1)
19 creatures vanquished.

Vanquished Creatures (others)
  A jackal (D:1)
1 creature vanquished.

Grand Total: 20 creatures vanquished

Notes
Turn   | Place    | Note
-------+----------+-------------------------------------------
     0 | D:1      | ezpacito the Coglin Chaos Knight began the quest for the
                  | Orb.
     0 | D:1      | Reached XP level 1. HP: 18/18 MP: 1/1
    47 | D:1      | Reached skill level 1 in Dodging
    79 | D:1      | XOM: silly message
   181 | D:1      | Reached XP level 2. HP: 24/24 MP: 2/2
   183 | D:1      | Found Camurch's Assorted Antiques.
   199 | D:1      | Bought a black potion for 23 gold pieces
   403 | D:1      | XOM is BORED!
   403 | D:1      | XOM: silly message
   792 | D:1      | Reached XP level 3. HP: 29/29 MP: 3/3
   812 | D:2      | Noticed Natasha
   820 | D:2      | Killed from afar by Natasha

Illustrated notes

Levels and vault maps discovered:
D:1:      psy_arrival_terrarium, layout_loops_corners, serial_shops,
          nicolae_diamond_shop
D:2:      layout_rooms, shapermc_ecumenical_altar_rom_forum, uniq_robin,
          uniq_natasha, uniq_terence

Skill      XL: |  1 |
---------------+----+-----
Dodging        | 1 |  1.2
Armour         | 2 |  2.2
Fighting       | |  3.1
Axes           | |  3.1
Polearms       | |  0.4
Stealth        | |  0.1
Spellcasting   | |  0.2

Action                     || total
---------------------------++-------
  Melee: Hand axe          ||    39
         Dagger            ||    34
    Use: Potion            ||     1
   Stab: Sleeping          ||     1
 Armour: Leather armour    ||    15
         Ring mail         ||    20
  Dodge: Dodged            ||    20

Table legend: (Time is in decaauts)
 A = Elapsed time spent in this place.
 B = Non-inter-level travel time spent in this place.
 C = Inter-level travel time spent in this place.
 D = Time resting spent in this place.
 E = Time spent auto-exploring this place.
 F = Levels seen in this place.
 G = Mean time per level.
                   A        B        C        D        E       F      G
               +--------+--------+--------+--------+--------+-----+--------+
         Total |    822 |    800 |     22 |      0 |    680 |   2 |  411.0 |
       Dungeon |    822 |    800 |     22 |      0 |    680 |   2 |  411.0 |
               +--------+--------+--------+--------+--------+-----+--------+

Top non-repeatable levels by time:
     D:1: 809 daAuts
     D:2: 12 daAuts
